 Dungeon Crawl Stone Soup version 0.31-a0-1129-g8e13b64 (webtiles) character file.

Game seed: 3404800482393448800

10439 Kearsarge the Destroyer (level 11, 0/70 HPs)
             Began as a Human Conjurer on Dec 5, 2023.
             Was an Initiate of Gozag.
             Slain by a manticore (10 damage)
             ... on level 11 of the Dungeon.
             The game lasted 00:31:03 (13601 turns).

Kearsarge the Destroyer (Human Conjurer)           Turns: 13601, Time: 00:31:04

Health: 0/70       AC:  5    Str:  7    XL:     11   Next: 93%
Magic:  2/26       EV: 12    Int: 23    God:    Gozag
Gold:   122        SH:  0    Dex: 16    Spells: 9/32 levels left

rFire   + . .        n - staff of Mehoj {rN+ Will+ Dex+4 Conj}
rCold   . . .        (no shield)
rNeg    + + .        E - +2 robe {rF+}
rPois   +            l - +0 helmet
rElec   .            (no cloak)
rCorr   .            (no gloves)
SInv    .            (no boots)
Will    +....        q - amulet of regeneration
Stlth   ++           c - ring of poison resistance
HPRegen 1.11/turn    m - ring of positive energy
MPRegen 0.20/turn

%: no passive effects
@: gold aura, hasted, studying Ranged Weapons, very quick
A: no striking features
a: Renounce Religion, Potion Petition, Call Merchant, Bribe Branch


You were on level 11 of the Dungeon.
You worshipped Gozag.
Gozag was aware of your devotion.
You visited 1 branch of the dungeon, and saw 11 of its levels.

You collected 1876 gold pieces.
You spent 1408 gold pieces at shops.
You paid 346 gold pieces to Gozag.

Inventory:

Hand Weapons
 v - the +7 war axe of Slimy Duty {flame, MP+9}
   (You bought it in a shop on level 1 of the Dungeon)

   MP+9:      It affects your magic capacity (+9).
Missiles
 s - 4 curare-tipped darts
 B - 18 poisoned darts
Armour
 d - an orb of energy
 l - a +0 helmet (worn)
 o - the +0 helmet of Divine Creativity {Harm *Corrode rElec rPois}
   (You took it off Robin on level 2 of the Dungeon)

   rElec:     It insulates you from electricity.
   rPois:     It protects you from poison *Corrode: It may corrode you when you
   take damage.
   Harm:      It increases damage dealt and taken.
 w - a +1 leather armour of positive energy
 E - a +2 robe of fire resistance (worn)
Magical Staves
 n - the staff of Mehoj (weapon) {rN+ Will+ Dex+4 Conj}
   (You found it on level 8 of the Dungeon)

   [staff of conjuration]

   Base accuracy: +5 Base damage: 5 Base attack delay: 1.2 This weapon's minimum
   attack delay (0.6) is reached at skill level 12.
   Dex+4:     It affects your dexterity (+4).
   rN+:       It protects you from negative energy.
   Will+:     It increases your willpower.
   Conj:      It increases the power of your Conjurations spells.
   It falls into the 'Staves' category.
   It is a one-handed weapon.
Jewellery
 c - a ring of poison resistance (left hand)
 m - a ring of positive energy (right hand)
 q - an amulet of regeneration (around neck)
 D - a ring of ice
Talismans
 f - a serpent talisman
Wands
 h - a wand of flame (19)
 y - a wand of charming (3)
Scrolls
 g - a scroll of silence
 i - a scroll of revelation
 p - 3 scrolls of torment
 r - 3 scrolls of teleportation
 t - 3 scrolls of enchant weapon
 x - a scroll of immolation {unknown}
 C - 2 scrolls of blinking {unknown}
 G - a scroll of poison {unknown}
 H - a scroll of butterflies {unknown}
Potions
 a - 2 potions of mutation {unknown}
 b - 2 potions of magic
 j - 7 potions of curing {unknown}
 k - 2 potions of enlightenment
 u - 3 potions of attraction
 z - a potion of cancellation {unknown}
 A - a potion of haste


   Skills:
 - Level 1.0 Fighting
 - Level 2.0 Dodging
 - Level 2.0 Stealth
 - Level 11.3 Spellcasting
 - Level 12.4 Conjurations
 + Level 3.0 Fire Magic
 + Level 3.0 Air Magic
 - Level 4.0 Poison Magic


You had 9 spell levels left.
You knew the following spells:

 Your Spells              Type           Power      Damage    Failure   Level
a - Magic Dart            Conj           100%       1d8       1%          1
b - Searing Ray           Conj           100%       2d8       1%          2
c - Dazzling Flash        Conj/Hex       100%       N/A       1%          3
d - Fulminant Prism       Conj/Hex       29%        3d14      3%          4
e - Swiftness             Air            27%        N/A       4%          3
f - Olgreb's Toxic Radia  Pois           31%        N/A       10%         4
g - Plasma Beam           Fire/Air       13%        2x1d24    91%         6

Your spell library contained the following spells:

 Spells                   Type           Power      Damage    Failure   Level
 Sting                    Tmut/Pois      88%        1d7       2%          1
 Iskenderun's Mystic Bla  Conj/Tloc      58%        2d12      3%          4
 Vhi's Electric Charge    Tloc/Air       40%        N/A       26%         4
 Alistair's Intoxication  Tmut/Pois      14%        N/A       52%         5
 Eringya's Noxious Bog    Tmut/Pois      11%        4d6       97%         6
 Chain Lightning          Conj/Air       32%        3d42      100%        9


Dungeon Overview and Level Annotations

Branches:
Dungeon (11/15)            Temple (0/1) D:4            Lair (0/5) D:10
    Orc: D:9-12

Altars:
Ashenzari
Cheibriados
Gozag
Nemelex Xobeh
Okawaru
Qazlal
Ru
Uskayaw
Wu Jian
Xom
Yredelemnul

Shops:
D:1 (   D:8 :

Annotations:
D:4 1 runed translucent door, Crazy Yiuf, Pikel


Message History

The volley of spikes misses you.
Your magical contamination has completely faded away.
Your Fire Magic skill increases to level 3!
Your Air Magic skill increases to level 3!
Unknown command.
Casting: Searing Ray (safe; 1% risk of failure)
Confirm with . or Enter, or press ? or * to list all spells.
Restarting spell: Searing Ray (safe; 1% risk of failure)
Press: ? - help, Shift-Dir - straight line, f - manticore
Aim: a manticore (moderately wounded, very poisoned, 90% to hit)
You feel a surge of power!
The searing ray hits the manticore.
The manticore is heavily wounded. (Press . to maintain the ray.)
The searing ray hits the manticore.
The manticore is heavily wounded.
The manticore closely misses you.
The manticore claws you but does no damage.
The manticore claws you.
The searing ray hits the manticore.
The manticore is heavily wounded.
The manticore bites you.
The manticore claws you but does no damage.
The manticore claws you!
Okay, then.
Unknown command.
Aiming: Charm
Press: ? - help, Q - select action, (/) - cycle Shift-Dir - straight line, p - manticore
Okay, then.
Unknown command. [a] - 300 gold - haste [b] - 768 gold - haste, resistance, invisibility and might [c] - 540 gold - brilliance, magic, heal wounds and curing Purchase which effect?
You no longer have enough gold to petition Gozag for potion effects.
You feel yourself speed up. The manticore bites you!
* * * LOW HITPOINT WARNING * * *
The manticore claws you but does no damage.
The manticore claws you!
You die...
Your body crumbles into a pile of gold.

#.......................
#.......................
#.......................
#.................#.....
#..)............###.....
#..............## #.....
#......[.......# #.....
######..H......####.....
#.@................
#.$................
#................##
...............%..#
......#####.....)...#
#####..# #.........#
#..# #.........# #.(#
#.........# #..#
#.........#


You could see a manticore (very poisoned).

Vanquished Creatures
  An ugly thing (D:11)
  A smoke demon (D:10)
  Maggie (D:6)
  A komodo dragon (D:10)
  2 kobold demonologists
  A red devil (D:10)
  3 trolls
  A hornet (D:8)
  5 wyverns
  Eustachio (D:5)
  8 yaks
  2 basilisks (D:10)
  3 wraiths
  Grum (D:8)
  3 steam dragons
  2 vampire mosquitoes (D:10)
  A water moccasin (D:6)
  3 ice beasts
  A swamp drake (D:10)
  3 sky beasts
  3 ogres
  2 orc warriors (D:8)
  2 wolves (D:8)
  8 centaurs
  3 lemures
  A phantom (D:6)
  3 kobold brigands
  4 bullfrogs
  4 scorpions
  3 killer bees (D:8)
  A howler monkey (D:8)
  A lava snake (D:8)
  3 jellies
  2 hounds
  5 orc priests
  A gnoll bouda (D:9)
  3 iguanas
  2 sleepcaps
  10 orc wizards
  Robin (D:2)
  13 gnolls
  8 adders
  A white imp (D:6)
  2 dart slugs
  19 orcs
  8 ball pythons
  4 endoplasms
  6 giant cockroaches
  6 hobgoblins
  3 jackals
  4 quokkas
  3 bats (D:3)
  3 frilled lizards
  15 goblins
  16 kobolds
  4 rats
221 creatures vanquished.

Vanquished Creatures (collateral kills)
  Jeremiah (D:8)
1 creature vanquished.

Vanquished Creatures (others)
  42 fulminant prisms
42 creatures vanquished.

Grand Total: 264 creatures vanquished

Notes
Turn   | Place    | Note
-------+----------+-------------------------------------------
     0 | D:1      | Kearsarge the Human Conjurer began the quest for the Orb.
     0 | D:1      | Reached XP level 1. HP: 13/13 MP: 3/3
   108 | D:1      | Reached skill level 1 in Fighting
   265 | D:1      | Reached XP level 2. HP: 21/21 MP: 3/5
   268 | D:1      | Learned a level 2 spell: Searing Ray
   665 | D:1      | Found Ficho's Antique Weapon Shop.
   694 | D:1      | Reached XP level 3. HP: 26/26 MP: 0/6
   885 | D:2      | Identified the +0 helmet of Divine Creativity {Harm
                  | *Corrode rElec rPois}
   885 | D:2      | Noticed Robin
  1121 | D:2      | Found a faded altar of an unknown god.
  1171 | D:2      | Reached XP level 4. HP: 32/32 MP: 2/8
  1445 | D:2      | Found an iron altar of Okawaru.
  1713 | D:2      | Killed Robin
  1858 | D:3      | Reached skill level 5 in Conjurations
  1858 | D:3      | Reached XP level 5. HP: 37/37 MP: 2/10
  2269 | D:3      | Found a shimmering altar of Xom.
  2281 | D:3      | Reached XP level 6. HP: 43/43 MP: 7/12
  2596 | D:3      | Noticed an ogre
  3492 | D:4      | Found an opulent altar of Gozag.
  3500 | D:4      | Became a worshipper of Gozag Ym Sagoz the Greedy
  3507 | D:4      | Noticed an ogre
  3606 | D:4      | Reached skill level 5 in Spellcasting
  3606 | D:4      | Reached XP level 7. HP: 48/48 MP: 9/14
  3666 | D:4      | Found a runed translucent door.
  3667 | D:4      | Noticed Crazy Yiuf
  3710 | D:4      | Reached skill level 6 in Conjurations
  3818 | D:4      | Found a staircase to the Ecumenical Temple.
  3962 | D:4      | Found a sacrificial altar of Ru.
  4195 | D:4      | Found a basalt altar of Yredelemnul.
  4461 | D:4      | Noticed Pikel
  4766 | D:1      | Bought a bloodstained war axe for 212 gold pieces
  4766 | D:1      | Identified the +7 war axe of Slimy Duty {flame, MP+9} (You
                  | bought it in a shop on level 1 of the Dungeon)
  5495 | D:5      | Entered Level 5 of the Dungeon
  5526 | D:5      | Reached XP level 8. HP: 32/54 MP: 13/17
  5594 | D:5      | Learned a level 3 spell: Dazzling Flash
  5603 | D:5      | Noticed Eustachio
  5618 | D:5      | Killed Eustachio
  5619 | D:5      | Reached skill level 7 in Conjurations
  6618 | D:5      | Reached skill level 8 in Conjurations
  6618 | D:5      | Reached XP level 9. HP: 59/59 MP: 19/19
  6659 | D:5      | Learned a level 4 spell: Fulminant Prism
  7204 | D:6      | Noticed Maggie
  7334 | D:6      | Killed Maggie
  7436 | D:6      | Reached skill level 9 in Conjurations
  7537 | D:6      | Found an ornate altar of the Wu Jian Council.
  8341 | D:7      | Reached XP level 10. HP: 58/65 MP: 22/22
  8351 | D:7      | Reached skill level 10 in Conjurations
  8562 | D:7      | Found a sparkling altar of Nemelex Xobeh.
  8929 | D:8      | Found a snail-covered altar of Cheibriados.
  9353 | D:8      | Noticed Grum
  9452 | D:8      | Noticed Jeremiah
  9459 | D:8      | Killed Jeremiah
  9460 | D:8      | Reached skill level 10 in Spellcasting
  9460 | D:8      | Reached skill level 11 in Conjurations
  9470 | D:8      | Killed Grum
  9704 | D:8      | Found Lahoe's Tremendous Tomes.
  9906 | D:8      | Found a hide-covered altar of Uskayaw.
  9995 | D:8      | Identified the staff of Mehoj {rN+ Will+ Dex+4 Conj}
 10074 | D:9      | Noticed a manticore
 10552 | D:9      | Noticed a cyclops
 10637 | D:9      | Noticed a kobold demonologist
 10651 | D:9      | Killed a kobold demonologist
 10692 | D:9      | Reached XP level 11. HP: 54/70 MP: 5/25
 11304 | D:10     | Entered Level 10 of the Dungeon
 11313 | D:10     | Reached skill level 12 in Conjurations
 11645 | D:8      | Bought Mushru's Tractate on Fuming Venom for 1196 gold
                  | pieces
 11649 | D:8      | Learned a level 3 spell: Swiftness
 11654 | D:8      | Learned a level 4 spell: Olgreb's Toxic Radiance
 11914 | D:10     | Reached skill level 1 in Poison Magic
 11993 | D:10     | Found a stormy altar of Qazlal.
 12171 | D:10     | Found a broken altar of Ashenzari.
 12495 | D:10     | Found a staircase to the Lair.
 12713 | D:10     | Learned a level 6 spell: Plasma Beam
 12971 | D:11     | Reached skill level 1 in Fire Magic
 12971 | D:11     | Reached skill level 1 in Air Magic
 13351 | D:11     | Noticed a boulder beetle
 13353 | D:11     | Noticed a two-headed ogre
 13532 | D:11     | Noticed a centaur warrior
 13538 | D:11     | Noticed a manticore
 13585 | D:11     | Noticed a purple ugly thing
 13597 | D:11     | Killed a red ugly thing
 13601 | D:11     | Slain by a manticore

Illustrated notes

Levels and vault maps discovered:
D:1:      sevenhm_arrival_forest_fort_large_4, layout_rooms, serial_shops,
          nicolae_shop_gibbet_a_chance
D:2:      layout_loops_ring, basic_ecumenical_altar, serial_rivers,
          chequers_serial_rivers_micro_d, chequers_serial_rivers_micro_b,
          chequers_serial_rivers_micro_b, chequers_serial_rivers_micro_e,
          chequers_serial_rivers_micro_a, basic_altar, uniq_robin
D:3:      layout_basic, tgw_xom, grunt_decor_arrowhead, minmay_crystal_water,
          chequers_serial_rivers_room_b, minmay_fractal_squares_5
D:4:      layout_loops_ring, mainiacjoe_overflow_24_doors, grunt_gozag_statues,
          mainiacjoe_overflow_six_doors_small, minmay_temple_entry_large_hall,
          serial_co_window_serial, co_window_corner_a, co_window_corner_a,
          co_window_paths_a, co_window_paths_a, co_window_paths_b,
          co_window_2corner, co_window_unsneaky_path_b,
          co_window_of_opportunity_b, co_window_paths_e, glass_columns_a,
          glass_columns_c, glass_columns_c, glass_columns_c, glass_columns_b,
          minmay_manual_moon, uniq_pikel, uniq_crazy_yiuf_cottage
D:5:      layout_loops_corners, nicolae_figureground_sparkle, uniq_eustachio
D:6:      layout_basic, nzn_wu_jian_council_hall, kennysheep_windowed_goal,
          uniq_maggie
D:7:      layout_cave_pools, kennysheep_little_box, kennysheep_path_1
D:8:      minmay_weird_star, layout_rooms, mainiacjoe_overflow_alcove_4,
          nicolae_uskayaw_suspiria, nicolae_shop_i_like_big_books,
          uniq_jeremiah, uniq_grum
D:9:      layout_rooms
D:10:     layout_long_grid, ashenzari_conservatory_becter,
          mainiacjoe_overflow_chevrons, erik_lair_dragon,
          nicolae_where_there's_smoke
D:11:     layout_small_grid, kennysheep_crisscross

Skill      XL: |  1  2  3  4  5  6  7  8  9 10 11 |
---------------+----------------------------------+-----
Fighting       | 1 |  1.0
Spellcasting   | 3 4 5 6 7 8 10 11 | 11.3
Conjurations   | 5 6 8 9 11 12 | 12.4
Poison Magic   | 4 |  4.0
Fire Magic     | 3 |  3.0
Air Magic      | 3 |  3.0
Dodging        | |  2.0
Stealth        | |  2.0

Action                     |  1- 3 |  4- 6 |  7- 9 | 10-12 || total
---------------------------+-------+-------+-------+-------++-------
  Melee: Short sword       |     3 |       |       |       ||     3
         War axe           |       |       |     2 |       ||     2
         Staff             |       |       |       |     2 ||     2
  Throw: Throwing net      |       |       |     1 |     1 ||     2
         Dart              |       |       |       |     1 ||     1
   Cast: Magic Dart        |    54 |    78 |    66 |    89 ||   287
         Searing Ray       |     1 |    18 |    61 |    68 ||   148
         Dazzling Flash    |       |       |     4 |       ||     4
         Fulminant Prism   |       |       |     1 |    41 ||    42
         Olgreb's Toxic Ra |       |       |       |     5 ||     5
 Invoke: Potion Petition   |       |       |       |     1 ||     1
  Evoke: Wand              |       |       |     1 |    10 ||    11
    Use: Scroll            |     1 |       |     8 |     8 ||    17
         Potion            |       |       |       |     6 ||     6
 Armour: Robe              |     3 |    13 |    54 |    90 ||   160
         Steam dragon scal |       |       |    25 |    40 ||    65
  Dodge: Dodged            |     2 |    13 |    48 |    75 ||   138

Table legend: (Time is in decaauts)
 A = Elapsed time spent in this place.
 B = Non-inter-level travel time spent in this place.
 C = Inter-level travel time spent in this place.
 D = Time resting spent in this place.
 E = Time spent auto-exploring this place.
 F = Levels seen in this place.
 G = Mean time per level.
                   A        B        C        D        E       F      G
               +--------+--------+--------+--------+--------+-----+--------+
         Total |  13605 |  11518 |   2087 |   1914 |   7739 |  11 | 1236.8 |
       Dungeon |  13605 |  11518 |   2087 |   1914 |   7739 |  11 | 1236.8 |
               +--------+--------+--------+--------+--------+-----+--------+

Top non-repeatable levels by time:
     D:3: 1796 daAuts
     D:4: 1737 daAuts
     D:9: 1551 daAuts
     D:5: 1344 daAuts
     D:6: 1240 daAuts
     D:8: 1140 daAuts
     D:2: 1134 daAuts
    D:10: 1128 daAuts
     D:7: 981 daAuts
     D:1: 881 daAuts
    D:11: 668 daAuts
